 Dungeon Crawl Stone Soup version 0.29.1-2-gbd0b4ee654 (webtiles) character file.

Game seed: 4737176558857127550

2243 quakins the Grappler (level 9, -5/92 HPs)
             Began as a Troll Transmuter on Oct 26, 2022.
             Slain by a hornet (12 damage)
             ... on level 7 of the Dungeon.
             The game lasted 00:09:53 (4883 turns).

quakins the Grappler (Troll Transmuter)             Turns: 4883, Time: 00:09:54

Health: -5/92      AC:  5    Str: 24    XL:     9   Next: 14%
Magic:  9/9        EV:  9    Int:  9    God:
Gold:   127        SH:  0    Dex: 10    Spells: 9/10 levels left

rFire   + . .      SeeInvis .     - Unarmed
rCold   . . .      Faith    .   (no shield)
rNeg    . . .      Spirit   .   a - +0 robe
rPois   .          Reflect  .   (helmet restricted)
rElec   .          Harm     .   t - +0 cloak
rCorr   +          Rampage  .   (gloves unavailable)
Will    .....                   (boots unavailable)
Stlth   +.........              (no amulet)
HPRegen 1.05/turn               j - ring of protection from fire
MPRegen 0.11/turn               u - ring of resist corrosion

@: lethally poisoned (-5 -> -9), slowed, very slow
A: large, unfitting armour, claws 3, regeneration 1, shaggy fur 1, tough skin 1
a: no special abilities


You were on level 7 of the Dungeon.
You visited 1 branch of the dungeon, and saw 7 of its levels.
You also visited: Ossuary.

You collected 379 gold pieces.
You spent 252 gold pieces at shops.

Inventory:

Missiles
 C - a throwing net
Armour
 a - a +0 robe (worn)
 t - a +0 cloak (worn)
Jewellery
 g - a ring of flight
 j - a ring of protection from fire (left claw)
 p - a ring of see invisible
 u - a ring of resist corrosion (right claw)
Wands
 b - a wand of flame (42)
 D - a wand of mindburst (21)
Scrolls
 d - 2 scrolls of blinking
 h - a scroll of identify
 i - 4 scrolls of vulnerability {unknown}
 l - 3 scrolls of enchant armour
 m - 7 scrolls of teleportation
 n - a scroll of enchant weapon
 o - 3 scrolls of immolation {unknown}
 v - a scroll of poison
 y - a scroll of fog {unknown}
 E - 2 scrolls of silence {unknown}
 F - a scroll of noise
Potions
 c - a potion of invisibility
 e - 8 potions of curing
 f - 2 potions of attraction
 k - 3 potions of brilliance
 q - 2 potions of heal wounds {unknown}
 r - 2 potions of flight {unknown}
 s - a potion of magic {unknown}
 w - 3 potions of lignification
 x - a potion of berserk rage {unknown}
 z - 2 potions of cancellation
 A - 3 potions of degeneration
 B - a potion of haste {unknown}


   Skills:
 + Level 6.4 Fighting
 - Level 1.5 Dodging
 - Level 10.0 Unarmed Combat
 - Level 1.2 Spellcasting
 - Level 1.3 Transmutations


You had 9 spell levels left.
You knew the following spells:

 Your Spells              Type           Power      Damage    Failure   Level
a - Beastly Appendage     Tmut           6%         N/A       21%         1

Your spell library contained the following spells:

 Spells                   Type           Power      Damage    Failure   Level
 Sting                    Tmut/Pois      4%         1d3       26%         1
 Wereblood                Tmut           3%         N/A       30%         2
 Shock                    Conj/Air       0%         1d3       36%         1
 Poisonous Vapours        Pois/Air       0%         N/A       50%         2
 Spider Form              Tmut/Pois      1%         N/A       63%         3
 Gell's Gravitas          Tloc           0%         N/A       73%         3
 Ozocubu's Armour         Ice            0%         N/A       73%         3
 Swiftness                Air            0%         N/A       73%         3
 Teleport Other           Tloc           0%         N/A       73%         3
 Ice Form                 Ice/Tmut       1%         N/A       95%         4
 Airstrike                Air            0%         2d(0-16)  98%         4
 Olgreb's Toxic Radiance  Pois           0%         N/A       98%         4
 Metabolic Englaciation   Hex/Ice        0%         N/A       100%        5
 Dispersal                Tloc           0%         N/A       100%        6
 Simulacrum               Ice/Necr       0%         N/A       100%        6


Dungeon Overview and Level Annotations

Branches:
Dungeon (7/15)             Temple (0/1) D:7         Ossuary (visited)

Altars:
Qazlal
Ru
Uskayaw
Vehumet
Zin
The Shining One

Shops:
D:4 **[(   D:6 ?


Innate Abilities, Weirdness & Mutations

You are too large for most types of armour.
You have claws for hands.
Your natural rate of healing is unusually fast.
You are covered in fur. (AC +1)
You have tough skin. (AC +1)


Message History

The hornet barely misses you. The hornet closely misses you.
The hornet stings you!
You feel yourself slow down.
You claw the hornet!
The hornet is moderately wounded.
The hornet stings you.
You feel as though you will be slow longer.
The hornet stings you but does no damage.
You mangle the hornet!!
The hornet is almost dead.
The hornet completely misses you.
You scratch the hornet but do no damage.
The hornet is almost dead.
The hornet stings you!
You feel as though you will be slow longer.
The hornet stings you!
You are poisoned.
You feel as though you will be slow longer.
You closely miss the hornet.
The hornet is almost dead.
You feel very sick. The hornet stings you.
You feel as though you will be slow longer.
The hornet stings you!
You feel as though you will be slow longer.
You miss the hornet.
The hornet is almost dead.
You feel sick. The hornet stings you!
* * * LOW HITPOINT WARNING * * *
You are more poisoned.
You feel as though you will be slow longer.
The hornet stings you!
* * * LOW HITPOINT WARNING * * *
You feel as though you will be slow longer.
You barely miss the hornet.
The hornet is almost dead.
* * * LOW HITPOINT WARNING * * *
You feel very sick. The hornet completely misses you. The hornet stings you!
You die...

#........#............
#........#............
#........#...?.......
#........#.......#.. #
#........#........# #..
#..).....#.....#..#....
###....####..##..##....#
.......####..#......>...
...........†..+y@#....#
.>............#.#....#.
..............#.#..#.#
..............#.^##..
..............#.. ...
..............#... ##..
###....#########.. .
##+###


You could see a hornet.

Vanquished Creatures
  Grinder (D:4)
  Sigmund (D:6)
  Eustachio (D:6)
  A steam dragon (D:6)
  Menkaure (Ossuary)
  A sky beast (D:6)
  A black bear (D:6)
  4 ogres
  A phantom (D:6)
  A bullfrog (D:7)
  A necrophage (D:5)
  2 scorpions
  A howler monkey (D:5)
  Crazy Yiuf (D:3)
  5 hounds
  2 jellies
  2 iguanas
  An orc wizard (D:4)
  3 mummies (Ossuary)
  6 gnolls
  8 adders
  3 white imps
  2 worms (D:2)
  2 dart slugs (D:1)
  10 orcs
  5 ball pythons
  11 endoplasms
  4 giant cockroaches (D:3)
  2 gnoll zombies (Ossuary)
  8 goblins
  11 hobgoblins
  2 quokkas
  6 bats
  2 frilled lizards (D:1)
  4 gnoll skeletons (Ossuary)
  4 goblin skeletons (Ossuary)
  5 goblin zombies (Ossuary)
  5 hobgoblin skeletons (Ossuary)
  4 hobgoblin zombies (Ossuary)
  14 kobolds
  6 kobold skeletons (Ossuary)
  A kobold zombie (Ossuary)
  2 orc skeletons (Ossuary)
  10 orc zombies (Ossuary)
  8 rats
  4 rat skeletons (Ossuary)
  3 rat zombies (Ossuary)
183 creatures vanquished.

Notes
Turn   | Place    | Note
-------+----------+-------------------------------------------
     0 | D:1      | quakins the Troll Transmuter began the quest for the Orb.
     0 | D:1      | Reached XP level 1. HP: 18/18 MP: 1/1
   187 | D:1      | Reached XP level 2. HP: 22/26 MP: 2/2
   210 | D:1      | Found a faded altar of an unknown god.
   418 | D:1      | Reached skill level 4 in Unarmed Combat
   892 | D:2      | Reached XP level 3. HP: 23/32 MP: 3/3
  1004 | D:2      | Found a stormy altar of Qazlal.
  1222 | D:2      | Reached XP level 4. HP: 40/40 MP: 4/4
  1338 | D:2      | Reached skill level 5 in Unarmed Combat
  2382 | D:3      | Found a runed translucent door.
  2383 | D:3      | Noticed Crazy Yiuf
  2492 | D:3      | Killed Crazy Yiuf
  2493 | D:3      | Reached XP level 5. HP: 21/46 MP: 5/5
  2547 | D:4      | Reached skill level 6 in Unarmed Combat
  2547 | D:4      | Found a hide-covered altar of Uskayaw.
  2613 | D:4      | Noticed Grinder
  2615 | D:4      | Noticed an ogre
  2625 | D:4      | Killed Grinder
  2626 | D:4      | Reached skill level 7 in Unarmed Combat
  2626 | D:4      | Reached XP level 6. HP: 54/54 MP: 6/6
  2705 | D:4      | Found a glowing silver altar of Zin.
  2898 | D:4      | Found Nanul's Assorted Antiques.
  2899 | D:4      | Found Feununua's Antique Weapon Shoppe.
  2904 | D:4      | Found Xiemegh's Antique Armour Shoppe.
  2905 | D:4      | Found Miodisof's Assorted Antiques.
  2923 | D:4      | Bought 2 potions of lignification for 144 gold pieces
  2971 | D:4      | Reached skill level 8 in Unarmed Combat
  3068 | D:5      | Entered Level 5 of the Dungeon
  3079 | D:5      | Reached XP level 7. HP: 58/61 MP: 7/7
  3106 | D:5      | Found a sand-covered staircase.
  3111 | Ossuary  | Entered an ossuary
  3385 | Ossuary  | Noticed Menkaure
  3397 | Ossuary  | Killed Menkaure
  3398 | Ossuary  | Reached skill level 9 in Unarmed Combat
  3706 | D:5      | Reached XP level 8. HP: 44/68 MP: 6/8
  3715 | D:5      | Reached skill level 10 in Unarmed Combat
  3715 | D:5      | Reached skill level 1 in Fighting
  3818 | D:5      | Found a sacrificial altar of Ru.
  4127 | D:5      | Found a glowing golden altar of the Shining One.
  4262 | D:6      | Found Guamp's Magic Scroll Shoppe.
  4270 | D:6      | Bought 2 scrolls of identify for 48 gold pieces
  4270 | D:6      | Bought a scroll of identify for 24 gold pieces
  4270 | D:6      | Bought a scroll of identify for 24 gold pieces
  4270 | D:6      | Bought a scroll of noise for 12 gold pieces
  4293 | D:5      | Noticed a rust devil
  4293 | D:5      | Noticed a rust devil
  4381 | D:6      | Reached skill level 5 in Fighting
  4418 | D:6      | Noticed Eustachio
  4425 | D:6      | Killed Eustachio
  4442 | D:6      | Reached XP level 9. HP: 89/89 MP: 9/9
  4484 | D:6      | Noticed Sigmund
  4491 | D:6      | Killed Sigmund
  4733 | D:6      | Found a radiant altar of Vehumet.
  4874 | D:7      | Found a staircase to the Ecumenical Temple.
  4883 | D:7      | Slain by a hornet

Illustrated notes

Levels and vault maps discovered:
D:1:      dpeg_arrival_signposts, layout_loops_ring,
          ebering_ecumenical_altar_sacrificial
D:2:      layout_loops_ring, basic_altar, minmay_strange_pillars
D:3:      minmay_razor_zed, layout_loops_cross, uniq_crazy_yiuf_cottage
D:4:      layout_cave_pools, nicolae_uskayaw_murder_on_the_dancefloor,
          old_standard_altar, minmay_misc_feat_tiny, minmay_shop_grid_forest,
          uniq_grinder
D:5:      cheibrodos_iron_armory, layout_loops_ring, tso_altar,
          mainiacjoe_overflow_surrounded_room, enter_ossuary_2
D:6:      layout_cave_pools, kennysheep_mini, serial_shops, shop, uniq_sigmund,
          uniq_eustachio
D:7:      layout_gridville, minmay_temple_entry_mini_moons, enter_bailey_2

Skill      XL: |  1  2  3  4  5  6  7  8  9 |
---------------+----------------------------+-----
Unarmed Combat | 4 5 7 8 9 10 | 10.0
Fighting       | 5 6 |  6.4
Dodging        | |  1.5
Spellcasting   | |  1.2
Transmutations | |  1.3

Action                   |  1- 3 |  4- 6 |  7- 9 || total
-------------------------+-------+-------+-------++-------
Melee: Unarmed           |   111 |   113 |   203 ||   427
       Punch             |     2 |     1 |     6 ||     9
 Cast: Beastly Appendage |       |       |     1 ||     1
  Use: Potion            |       |     1 |     1 ||     2
       Scroll            |       |     5 |     8 ||    13
Armor: Robe              |    36 |    25 |    62 ||   123
       Skin              |       |    31 |     2 ||    33
Dodge: Dodged            |    54 |    58 |    52 ||   164
